 Dungeon Sprint DCSS version 0.31-a0-716-gc7603755dd (webtiles) character file.

Game seed: 17972432769232558940

18687 rocky1 the Warrior (level 12, -19/158 HPs)
             Began as an Ogre Gladiator on Sept 11, 2023.
             Was an Initiate of Gozag.
             Killed from afar by a fire giant (46 damage)
             ... with a fireball
             ... in the Dungeon (Sprint IX: "|||||||||||||||||||||||||||||").
             The game lasted 00:15:48 (5021 turns).

rocky1 the Warrior (Ogre Gladiator)                 Turns: 5021, Time: 00:15:49

Health: -19/158    AC: 13    Str: 25    XL:     12   Next: 61%
Magic:  12/12      EV: 12    Int:  9    God:    Gozag
Gold:   304        SH:  5    Dex: 16    Spells: 11/11 levels left

rFire   . . .        F - +1 great mace
rCold   . . .        (shield currently unavailable)
rNeg    . . .        G - +0 storm dragon scales
rPois   +            c - +0 hat
rElec   +            p - +0 cloak
rCorr   .            (gloves unavailable)
SInv    +            (boots unavailable)
Will    +....        j - amulet of reflection Stlth
                     B - ring of poison resistance
HPRegen 0.46/turn    s - ring "Cegg" {Dex+6 SInv}
MPRegen 0.13/turn

%: no teleportation, reflection
@: mighty, invisible
A: large, unfitting armour, tough skin 1
a: Renounce Religion, Potion Petition, Call Merchant, Bribe Branch


You were in the Dungeon.
You worshipped Gozag.
Gozag was aware of your devotion.
You visited 1 branch You collected 7912 gold pieces.
You spent 3850 gold pieces at shops.
You paid 3758 gold pieces to Gozag.

Inventory:

Hand Weapons
 q - a +2 morningstar of protection
 r - the +4 quarterstaff of Res Nullius {pain, +Blink}
   (You found it in the Dungeon)

   +Blink:    It lets you blink.
 F - a +1 great mace (weapon)
Missiles
 d - 3 throwing nets
 e - 4 large rocks
 w - 5 curare-tipped darts
Armour
 b - a +0 robe
 c - a +0 hat (worn)
 p - a +0 cloak (worn)
 G - +0 storm dragon scales (worn)
 J - +0 acid dragon scales
Jewellery
 j - an amulet of reflection (around neck)
 n - a +3 ring of dexterity
 o - a +3 ring of intelligence
 s - the ring "Cegg" (right hand) {Dex+6 SInv}
   (You bought it in a shop in the Dungeon)

   [ring of dexterity]

   Dex+6:     It affects your dexterity (+6).
   SInv:      It lets you see invisible.
 B - a ring of poison resistance (left hand)
 C - a ring of protection from fire
 D - a ring of magical power
 E - a ring of willpower
Talismans
 a - a storm talisman
 A - a maw talisman
Wands
 m - a wand of roots (9) (quivered)
Scrolls
 k - 5 scrolls of blinking
 l - 2 scrolls of amnesia
 u - a scroll of silence
 v - 3 scrolls of enchant weapon
 x - 5 scrolls of fog
 y - a scroll of enchant armour
 I - a scroll of identify
Potions
 f - 7 potions of curing
 g - 4 potions of heal wounds
 h - 2 potions of brilliance
 i - 4 potions of magic
 t - a potion of attraction
 z - a potion of ambrosia
 H - a potion of mutation


   Skills:
 + Level 20.4 Fighting
 + Level 19.5 Maces & Flails
 - Level 2.0 Throwing
 + Level 2.0 Armour
 + Level 14.3 Dodging
 * Level 6.3 Unarmed Combat
 * Level 6.2 Shapeshifting


You had 11 spell levels left.
You didn't know any spells.
Your spell library was empty.

Dungeon Overview and Level Annotations

Branches:
Dungeon (1/1)

Altars:
Cheibriados
Dithmenos
Elyvilon
Fedhas
Gozag
Hepliaklqana
Kikubaaqudgha
Makhleb
Nemelex Xobeh
Okawaru
Qazlal
Ru
Sif Muna
Trog
Uskayaw
Vehumet
Wu Jian
Xom
Yredelemnul
Zin
The Shining One
Jiyva
Lugonu

Shops:
D =*?!(=


Innate Abilities, Weirdness & Mutations

You are too large for most types of armour.
You have tough skin. (AC +1)


Message History

You bludgeon the fire dragon!!
The fire dragon is severely wounded.
The ettin is no longer distracted by gold.
The fire dragon breathes flames at you. The blast of flame misses you.
The spriggan air mage waves its arms in wide circles.
The air twists around and strikes you!
* * * LOW HITPOINT WARNING * * *
You feel much better.
A deep troll earth mage comes into view.
The fire dragon closely misses you. The fire dragon claws you!
* * * LOW HITPOINT WARNING * * *
The fire dragon tramples you.
* * * LOW HITPOINT WARNING * * *
You stumble backwards!
The deep troll earth mage moves out of view.
Unknown command.
You hit the fire dragon.
The fire dragon is severely wounded.
The fire dragon bites you but does no damage.
The fire dragon claws you.
* * * LOW HITPOINT WARNING * * *
The fire dragon closely misses you.
Unknown command.
You sock the fire dragon!
The fire dragon is almost dead.
The spriggan air mage waves its arms in wide circles.
The air twists around and strikes you. The fire dragon misses you.
The fire dragon closely misses you. The fire dragon tramples you.
* * * LOW HITPOINT WARNING * * *
You stumble backwards!
You feel much better. The fire dragon bites you!
* * * LOW HITPOINT WARNING * * *
The fire dragon claws you but does no damage.
You block the fire dragon's attack.
The fire giant gestures at you while chanting.
The fireball explodes!
The fireball engulfs the fire dragon.
The fire dragon resists.
The fireball engulfs you!!!
You die...
Your body crumbles into a pile of gold.

▓▓▓▓▓▓▓▓▓▓▓▓▓▓▓▓▓▓▓▓▓▓▓▓▓▓
.TCCCiC$D@.$...$......[.[[
▓▓▓▓▓▓▓▓▓▓▓▓▓▓▓▓▓▓▓▓▓▓▓▓▓▓▓▓▓▓▓▓▓
.................................
▓▓▓▓▓▓▓▓▓▓▓▓▓▓▓▓▓▓▓▓▓▓▓▓▓▓▓▓▓▓▓▓▓
..'...))∩)∩.∩)∩))))))..))))))))))
▓▓▓▓▓▓▓▓▓▓▓▓▓▓▓▓▓▓▓▓▓▓▓▓▓▓▓▓▓▓▓▓▓
.....................)...........
▓▓▓▓▓▓▓▓▓▓▓▓▓▓▓▓▓▓▓▓▓▓▓▓▓▓▓▓▓▓▓▓▓
[[[[..'..(.........'.........'...


You could see 2 fire giants, a fire dragon (wandering, unable to see you), 2
ettins and a spriggan air mage (repels missiles).

Vanquished Creatures
  A catoblepas (D)
  4 centaur warriors (D)
  A tengu warrior (D)
  4 death yaks (D)
  A death knight (D)
  4 orc high priests (D)
  Sonja (D)
  4 orc knights (D)
  2 wizards (D)
  2 orc sorcerers (D)
  A harpy (shapeshifter) (D)
  An ugly thing (D)
  A manticore (D)
  A black mamba (D)
  2 cane toads (D)
  A komodo dragon (D)
  A troll (D)
  2 polar bears (D)
  A blink frog (D)
  A dream sheep (D)
  A shadow (D)
  A wyvern (D)
  7 yaks (D)
  Grum (D)
  4 water moccasins (D)
  9 orc warriors (D)
  2 wolves (D)
  A centaur (D)
  2 bullfrogs (D)
  A gnoll sergeant (D)
  A wight (D)
  A howler monkey (D)
  A hound (D)
  2 orc priests (D)
  4 orc wizards (D)
  An iguana (D)
  14 orcs (D)
  A giant cockroach (D)
  2 hobgoblins (D)
  A kobold (D)
  A quokka (D)
  A bat (D)
95 creatures vanquished.

Vanquished Creatures (others)
  A death knight (D)
  A deep elf pyromancer (D)
2 creatures vanquished.

Grand Total: 97 creatures vanquished

Notes
Turn   | Place    | Note
-------+----------+-------------------------------------------
     0 | D        | rocky1 the Ogre Gladiator began the quest for the Orb.
     0 | D        | Reached XP level 1. HP: 22/22 MP: 1/1
    11 | D        | Reached skill level 3 in Fighting
    19 | D        | Noticed a gnoll sergeant
    19 | D        | Noticed a hound
    19 | D        | Noticed an iguana
    23 | D        | Reached XP level 2. HP: 31/31 MP: 2/2
    30 | D        | Reached skill level 4 in Fighting
    30 | D        | Reached XP level 3. HP: 39/39 MP: 3/3
    33 | D        | Reached skill level 5 in Maces & Flails
    33 | D        | Reached skill level 5 in Dodging
    33 | D        | Reached XP level 4. HP: 49/49 MP: 4/4
    39 | D        | Killed a gnoll sergeant
    40 | D        | Reached skill level 5 in Fighting
    40 | D        | Reached XP level 5. HP: 20/57 MP: 5/5
   263 | D        | Found a snail-covered altar of Cheibriados.
   263 | D        | Found a shadowy altar of Dithmenos.
   263 | D        | Found a white marble altar of Elyvilon.
   263 | D        | Found a blossoming altar of Fedhas.
   263 | D        | Found an opulent altar of Gozag.
   264 | D        | Found a hazy altar of Hepliaklqana.
   265 | D        | Found a viscous altar of Jiyva.
   266 | D        | Found an ancient bone altar of Kikubaaqudgha.
   267 | D        | Found a corrupted altar of Lugonu.
   268 | D        | Found a burning altar of Makhleb.
   269 | D        | Found a sparkling altar of Nemelex Xobeh.
   270 | D        | Found an iron altar of Okawaru.
   271 | D        | Became a worshipper of Gozag Ym Sagoz the Greedy
   272 | D        | Found a stormy altar of Qazlal.
   273 | D        | Found a sacrificial altar of Ru.
   274 | D        | Found a shimmering blue altar of Sif Muna.
   275 | D        | Found a bloodstained altar of Trog.
   276 | D        | Found a hide-covered altar of Uskayaw.
   277 | D        | Found a radiant altar of Vehumet.
   278 | D        | Found an ornate altar of the Wu Jian Council.
   279 | D        | Found a shimmering altar of Xom.
   280 | D        | Found a basalt altar of Yredelemnul.
   281 | D        | Found a glowing silver altar of Zin.
   282 | D        | Found a glowing golden altar of the Shining One.
   313 | D        | Got the +4 quarterstaff of Res Nullius {pain, +Blink}
   422 | D        | Noticed a shadow
   422 | D        | Noticed a yak
   422 | D        | Noticed a centaur
   422 | D        | Noticed a troll
   435 | D        | HP: 2/57 [troll (11)]
   439 | D        | Killed a troll
   440 | D        | Reached skill level 7 in Fighting
   440 | D        | Reached XP level 6. HP: 22/71 MP: 6/6
   445 | D        | Reached XP level 7. HP: 49/79 MP: 7/7
   448 | D        | Reached skill level 8 in Fighting
   448 | D        | Reached skill level 10 in Maces & Flails
   455 | D        | Killed a yak
   462 | D        | Killed a shadow
   463 | D        | Reached skill level 9 in Fighting
   711 | D        | Noticed a death knight
   711 | D        | Noticed a centaur warrior
   711 | D        | Noticed an entropy weaver
   711 | D        | Noticed a death knight
   711 | D        | Noticed a centaur warrior
   711 | D        | Noticed a centaur warrior
   718 | D        | an entropy weaver changed into a yak
   718 | D        | Noticed a yak (shapeshifter)
   721 | D        | Killed a centaur warrior
   722 | D        | Reached skill level 10 in Fighting
   722 | D        | Reached skill level 10 in Dodging
   722 | D        | Reached XP level 8. HP: 72/94 MP: 8/8
   726 | D        | Killed a centaur warrior
   727 | D        | Reached skill level 11 in Fighting
   727 | D        | Reached XP level 9. HP: 81/105 MP: 9/9
   727 | D        | a yak changed into a harpy
   727 | D        | Noticed a harpy (shapeshifter)
   730 | D        | Killed a death knight
   735 | D        | Killed a centaur warrior
   737 | D        | Killed a harpy
   738 | D        | Reached skill level 12 in Fighting
   749 | D        | Killed a death knight
   750 | D        | Reached skill level 15 in Maces & Flails
   750 | D        | Reached XP level 10. HP: 27/118 MP: 10/10
  1204 | D        | Noticed a cane toad
  1204 | D        | Noticed a cane toad
  1209 | D        | Killed a cane toad
  1228 | D        | Reached skill level 13 in Fighting
  1695 | D        | Killed a cane toad
  1696 | D        | Reached skill level 14 in Fighting
  1849 | D        | Noticed a death yak
  1862 | D        | Killed a death yak
  1863 | D        | Noticed a black mamba
  1881 | D        | Reached skill level 15 in Fighting
  2342 | D        | Killed a black mamba
  2343 | D        | Reached XP level 11. HP: 126/133 MP: 11/11
  2377 | D        | Noticed a death yak
  2377 | D        | Noticed a catoblepas
  2378 | D        | Noticed a death yak
  2382 | D        | Noticed a death yak
  2393 | D        | Killed a catoblepas
  2394 | D        | Reached skill level 16 in Fighting
  2410 | D        | Killed a death yak
  2418 | D        | Killed a death yak
  2424 | D        | Killed a death yak
  2425 | D        | Reached skill level 17 in Fighting
  2857 | D        | Noticed Grum
  2868 | D        | Killed Grum
  3057 | D        | Reached skill level 18 in Fighting
  3372 | D        | Bought a storm talisman for 1591 gold pieces
  3372 | D        | Bought an amulet of reflection for 420 gold pieces
  3372 | D        | Bought the ring "Cegg" {Dex+6 SInv} for 660 gold pieces
  3391 | D        | Noticed an orc high priest
  3405 | D        | Killed an orc high priest
  3406 | D        | Reached skill level 1 in Unarmed Combat
  3406 | D        | Reached skill level 1 in Shapeshifting
  3407 | D        | Noticed an orc knight
  3437 | D        | Killed an orc knight
  3753 | D        | Found Zokhlias's Distillery.
  3753 | D        | Noticed an orc high priest
  3753 | D        | Noticed an orc high priest
  3754 | D        | Noticed an orc knight
  3755 | D        | Noticed a sixfirhy
  3766 | D        | Found Dyleo's Magic Scroll Shop.
  3768 | D        | Killed an orc high priest
  3770 | D        | Noticed an orc sorcerer
  3773 | D        | Killed an orc high priest
  3774 | D        | Reached skill level 19 in Fighting
  3774 | D        | Reached XP level 12. HP: 76/154 MP: 12/12
  3774 | D        | Found Nouskial's General Store.
  3774 | D        | Noticed an orc high priest
  3789 | D        | Found Zodwaguxur's Jewellery Shop.
  3797 | D        | Killed an orc high priest
  3813 | D        | Reached skill level 20 in Fighting
  4175 | D        | Bought 2 potions of curing for 78 gold pieces
  4175 | D        | Bought a potion of curing for 39 gold pieces
  4175 | D        | Bought a potion of heal wounds for 65 gold pieces
  4177 | D        | Bought a scroll of silence for 104 gold pieces
  4177 | D        | Bought a scroll of enchant weapon for 82 gold pieces
  4177 | D        | Bought a scroll of fear for 44 gold pieces
  4177 | D        | Bought 3 scrolls of fog for 132 gold pieces
  4179 | D        | Bought a potion of ambrosia for 80 gold pieces
  4179 | D        | Bought a scroll of enchant armour for 75 gold pieces
  4181 | D        | Bought a maw talisman for 480 gold pieces
  4301 | D        | Noticed Sonja
  4310 | D        | HP: 6/157 [Sonja/+2 dagger of distortion (13)]
  4699 | D        | Killed Sonja
  4700 | D        | Reached skill level 5 in Unarmed Combat
  4700 | D        | Reached skill level 5 in Shapeshifting
  4985 | D        | Noticed a centaur warrior
  4991 | D        | Noticed a tengu warrior
  4996 | D        | Reached skill level 1 in Armour
  4997 | D        | Noticed a fire dragon
  4998 | D        | Noticed a fire giant
  4999 | D        | Noticed a spriggan air mage
  5001 | D        | Killed a centaur warrior
  5002 | D        | Noticed a fire giant
  5006 | D        | Noticed an ettin
  5012 | D        | Noticed an ettin
  5013 | D        | Killed a tengu warrior
  5017 | D        | HP: 2/158 [spriggan air mage/the air (15)]
  5018 | D        | Noticed a deep troll earth mage
  5021 | D        | Killed from afar by a fire giant

Illustrated notes

Levels and vault maps discovered:
D:        linesprint [early_d, line_temple, items_1, d_10, items_2, lair_1,
          lair_end, items_3, orc_1, orc_end, items_4, d_15, swamp_1, shoals_1,
          snake_1, spider_1, d_20, vaults_1, items_5, swamp_end, shoals_end,
          snake_end, spider_end, vaults_end, d_27, items_6, zot_1, zot_end,
          crypt_end, forest_end, elf_end, slime_end, tomb_end, abyss_end,
          pan_hell_end]

Skill      XL: |  1  2  3  4  5  6  7  8  9 10 11 12 |
---------------+-------------------------------------+-----
Maces & Flails | 3 4 5 6 9 12 13 15 17 18 19 | 19.5
Dodging        | 3 4 5 8 10 11 12 13 14 | 14.3
Fighting       | 3 4 5 7 10 11 12 15 19 20 | 20.4
Unarmed Combat | 3 6 |  6.3
Shapeshifting  | 3 6 |  6.2
Armour         | 2 |  2.0
Throwing       | |  2.0

Action                     |  1- 3 |  4- 6 |  7- 9 | 10-12 || total
---------------------------+-------+-------+-------+-------++-------
  Melee: Flail             |    21 |     6 |       |       ||    27
         Morningstar       |       |    19 |    47 |   302 ||   368
         Punch             |       |     1 |       |     7 ||     8
         Great mace        |       |       |       |    27 ||    27
  Throw: Throwing net      |       |       |       |     3 ||     3
         Large rock        |       |       |       |     1 ||     1
 Invoke: Potion Petition   |       |       |     1 |     4 ||     5
         Call Merchant     |       |       |       |     2 ||     2
  Evoke: Wand              |       |       |       |     1 ||     1
    Use: Potion            |     1 |     3 |     1 |    12 ||    17
         Scroll            |       |       |       |     3 ||     3
   Stab: Invisible         |       |     2 |     5 |     9 ||    16
         Sleeping          |       |     1 |       |       ||     1
         Distracted        |       |       |     1 |     2 ||     3
 Armour: Robe              |     8 |    29 |    34 |   135 ||   206
         Skin              |       |       |       |    32 ||    32
         Storm dragon scal |       |       |       |    29 ||    29
  Dodge: Dodged            |    11 |    29 |    15 |   120 ||   175
  Block: Other             |       |       |       |     3 ||     3

Table legend: (Time is in decaauts)
 A = Elapsed time spent in this place.
 B = Non-inter-level travel time spent in this place.
 C = Inter-level travel time spent in this place.
 D = Time resting spent in this place.
 E = Time spent auto-exploring this place.
 F = Levels seen in this place.
 G = Mean time per level.
                   A        B        C        D        E       F      G
               +--------+--------+--------+--------+--------+-----+--------+
         Total |   4894 |   4894 |      0 |   3542 |      0 |   1 | 4894.0 |
       Dungeon |   4894 |   4894 |      0 |   3542 |      0 |   1 | 4894.0 |
               +--------+--------+--------+--------+--------+-----+--------+

Top non-repeatable levels by time:
       D: 4894 daAuts
